 Dungeon Sprint DCSS version 0.23.2-1-ga50397a6bc (webtiles) character file.

Game seed: 9283075182596468237

10723 Cryn the Bludgeoner (level 11, -10/120 HPs)
             Began as a Troll Fighter on Apr 21, 2019.
             Was the Champion of Trog.
             Mangled by an orc high priest
             ... wielding a +0 dire flail
              (13 damage)
             ... in the Dungeon (Sprint IX: "|||||||||||||||||||||||||||||").
             The game lasted 00:18:27 (1202 turns).

Cryn the Bludgeoner (Troll Fighter)                 Turns: 1202, Time: 00:18:27

Health: -10/120    AC: 18    Str: 29    XL:     11   Next: 39%
Magic:  10/10      EV: 15    Int:  4    God:    Trog [******]
Gold:   641        SH: 15    Dex: 12    Spells: 10/10 levels left

rFire    . . .     SeeInvis .   z - +4 eveningstar (protect)
rCold    . . .     Gourm    +   c - +2 shield
rNeg     . . .     Faith    .   b - +2 robe
rPois    .         Spirit   .   (helmet restricted)
rElec    .         Reflect  .   y - +0 cloak
rCorr    .         Harm     .   (gloves unavailable)
MR       .....     NoTele   +   (boots unavailable)
Stlth    ++........             (no amulet)
HPRegen  0.70/turn              w - +3 ring of dexterity
MPRegen  0.12/turn              x - +2 ring of protection

@: protection aura, hasted, very quick
A: large, unfitting armour, claws 3, fast metabolism 3, gourmand, regeneration
1, shaggy fur 1, tough skin 3
a: Berserk, Trog's Hand, Brothers in Arms, Renounce Religion


You were in the Dungeon.
You worshipped Trog.
Trog was exalted by your worship.
You were near starving.

You visited 1 branch You collected 641 gold pieces.

Inventory:

Hand Weapons
 a - a +0 flail
 e - a +4 hand crossbow of flaming
 f - a +9 antimagic giant club
 g - a +5 antimagic flail
 l - a +0 club
 s - a +6 morningstar of crushing
 z - a +4 eveningstar of protection (weapon)
 A - a +6 antimagic morningstar
Armour
 b - a +2 robe (worn)
 c - a +2 shield (worn)
 y - a +0 cloak (worn)
Magical Staves
 r - an uncursed staff of energy
Jewellery
 w - a +3 ring of dexterity (left claw)
 x - a +2 ring of protection (right claw)
Wands
 p - a wand of acid (10)
Scrolls
 k - 3 scrolls of blinking
 o - 3 scrolls of remove curse
 q - 2 scrolls of amnesia
Potions
 d - 2 potions of might
 i - 4 potions of magic
 j - 3 potions of berserk rage
 m - a potion of brilliance
 t - a potion of agility
Comestibles
 v - 9 rations


   Skills:
 + Level 11.1 Fighting
 - Level 16.0 Maces & Flails
 + Level 10.5 Dodging
 + Level 2.8 Stealth
 + Level 11.3 Shields


You had 10 spell levels left.
You didn't know any spells.
Your spell library was empty.

Dungeon Overview and Level Annotations

Branches:
Dungeon (1/1)

Altars:
Cheibriados
Dithmenos
Elyvilon
Fedhas
Gozag
Hepliaklqana
Kikubaaqudgha
Makhleb
Nemelex Xobeh
Okawaru
Qazlal
Ru
Sif Muna
Trog
Uskayaw
Vehumet
Wu Jian
Xom
Yredelemnul
Zin
The Shining One
Beogh
Jiyva
Lugonu

Shops:
D **(*


Innate Abilities, Weirdness & Mutations

You are too large for most types of armour.
You have claws for hands.
Your metabolism is lightning-fast.
You like to eat raw meat.
Your natural rate of healing is unusually fast.
You are covered in fur. (AC +1)
You have extremely tough skin. (AC +3)


Message History

The hellwing hits you but does no damage.
You hit the hellwing.
The hellwing is lightly wounded.
The hellwing disappears in a puff of smoke!
An orc high priest comes into view. It is wielding a +0 battleaxe.
The orc high priest shouts!
You hear a shout!
Found Nyah's Assorted Antiques.
Things that are here:
a +0 hand axe; 100 gold pieces You completely miss the ice devil.
The ice devil hits you.
* * * LOW HITPOINT WARNING * * *
The ice devil freezes you!
* * * LOW HITPOINT WARNING * * *
You hit the ice devil.
The ice devil is lightly wounded.
You spit the ice devil like a pig!!!
You kill the ice devil!
An orc priest comes into view. It is wielding a +0 club.
The orc high priest hits you with a +0 dire flail!
You die...

▓▓▓▓▓▓▓▓▓▓▓▓▓▓▓▓▓▓▓▓▓▓▓▓
))........))))))@o∩34o∩o
▓▓▓▓▓▓▓▓▓▓▓▓▓▓▓▓▓▓▓▓▓▓▓▓▓▓▓▓▓▓▓▓▓
.................................
▓▓▓▓▓▓▓▓▓▓▓▓▓▓▓▓▓▓▓▓▓▓▓▓▓▓▓▓▓▓▓▓▓
.'††.......'†.†.........'..[[.[..
▓▓▓▓▓▓▓▓▓▓▓▓▓▓▓▓▓▓▓▓▓▓▓▓▓▓▓▓▓▓▓▓▓
.................................
▓▓▓▓▓▓▓▓▓▓▓▓▓▓▓▓▓▓▓▓▓▓▓▓▓▓▓▓▓▓▓▓▓
___________'...)....[).(....'))).


You could see 2 orc high priests, a hellwing, a sixfirhy and an orc priest
(wandering).

Vanquished Creatures
  2 hydras (D)
  A centaur warrior (D)
  A two-headed ogre (D)
  4 orc high priests (D)
  A lindwurm (D)
  2 orc knights (D)
  A spiny frog (D)
  A polar bear (D)
  2 tyrant leeches (D)
  A blink frog (D)
  A hippogriff (D)
  A basilisk (D)
  A vampire mosquito (D)
  5 water moccasins (D)
  5 porcupines (D)
  An ice beast (D)
  11 orc warriors (D)
  A black bear (D)
  2 centaurs (D)
  A crocodile (D)
  A crimson imp (D)
  10 orc priests (D)
  An iguana (D)
  An adder (D)
  2 shadow imps (D)
  5 worms (D)
  9 orcs (D)
  A bat zombie (D)
  A goblin (D)
  A hobgoblin (D)
  A kobold (D)
  A quokka (D)
  2 rats (D)
81 creatures vanquished.

Notes
Turn   | Place    | Note
-------+----------+-------------------------------------------
     0 | D        | Cryn the Troll Fighter began the quest for the Orb.
     0 | D        | Reached XP level 1. HP: 22/22 MP: 0/0
    14 | D        | Reached skill level 2 in Maces & Flails
    31 | D        | Reached XP level 2. HP: 29/31 MP: 1/1
    61 | D        | Reached XP level 3. HP: 15/37 MP: 2/2
   112 | D        | Found a roughly hewn altar of Beogh.
   112 | D        | Found a snail-covered altar of Cheibriados.
   112 | D        | Found a shadowy altar of Dithmenos.
   112 | D        | Found a white marble altar of Elyvilon.
   112 | D        | Found a blossoming altar of Fedhas.
   112 | D        | Found an opulent altar of Gozag.
   113 | D        | Found a hazy altar of Hepliaklqana.
   114 | D        | Found a viscous altar of Jiyva.
   115 | D        | Found an ancient bone altar of Kikubaaqudgha.
   116 | D        | Found a corrupted altar of Lugonu.
   117 | D        | Found a burning altar of Makhleb.
   118 | D        | Found a sparkling altar of Nemelex Xobeh.
   119 | D        | Found an iron altar of Okawaru.
   120 | D        | Found a stormy altar of Qazlal.
   121 | D        | Found a sacrificial altar of Ru.
   122 | D        | Found a deep blue altar of Sif Muna.
   123 | D        | Found a bloodstained altar of Trog.
   124 | D        | Found a hide-covered altar of Uskayaw.
   125 | D        | Found a radiant altar of Vehumet.
   126 | D        | Found an ornate altar of the Wu Jian Council.
   127 | D        | Found a shimmering altar of Xom.
   128 | D        | Found a basalt altar of Yredelemnul.
   129 | D        | Found a glowing silver altar of Zin.
   130 | D        | Found a glowing golden altar of the Shining One.
   131 | D        | Became a worshipper of Trog the Wrathful
   170 | D        | Noticed a centaur
   170 | D        | Noticed an ice beast
   170 | D        | Noticed a black bear
   175 | D        | Killed a centaur
   175 | D        | Reached skill level 4 in Maces & Flails
   175 | D        | Reached XP level 4. HP: 39/48 MP: 3/3
   194 | D        | Killed an ice beast
   194 | D        | Reached skill level 5 in Maces & Flails
   194 | D        | Reached skill level 5 in Dodging
   194 | D        | Reached skill level 5 in Shields
   194 | D        | Reached XP level 5. HP: 40/55 MP: 4/4
   202 | D        | Reached * piety under Trog
   202 | D        | Reached skill level 6 in Maces & Flails
   214 | D        | Killed a black bear
   214 | D        | Reached ** piety under Trog
   214 | D        | Reached skill level 5 in Fighting
   214 | D        | Reached skill level 7 in Maces & Flails
   214 | D        | Reached XP level 6. HP: 37/66 MP: 5/5
   266 | D        | Noticed a centaur warrior
   266 | D        | Noticed a vampire mosquito
   266 | D        | Noticed a two-headed ogre
   276 | D        | Killed a centaur warrior
   276 | D        | Reached skill level 10 in Maces & Flails
   276 | D        | Reached XP level 7. HP: 60/75 MP: 6/6
   279 | D        | Reached XP level 8. HP: 68/83 MP: 7/7
   282 | D        | Reached skill level 11 in Maces & Flails
   286 | D        | Killed a two-headed ogre
   286 | D        | Reached *** piety under Trog
   286 | D        | Reached skill level 12 in Maces & Flails
   488 | D        | Noticed a spiny frog
   490 | D        | Reached XP level 9. HP: 93/93 MP: 8/8
   493 | D        | Noticed a five-headed hydra
   494 | D        | Reached **** piety under Trog
   502 | D        | Reached skill level 13 in Maces & Flails
   505 | D        | Killed a spiny frog
   507 | D        | Reached ***** piety under Trog
   510 | D        | Killed a five-headed hydra
   510 | D        | Received a gift from Trog
   510 | D        | Reached skill level 14 in Maces & Flails
   581 | D        | Noticed a five-headed hydra
   588 | D        | Reached XP level 10. HP: 84/104 MP: 9/9
   591 | D        | Received a gift from Trog
   601 | D        | Killed a five-headed hydra
   601 | D        | Reached skill level 1 in Stealth
   632 | D        | Reached skill level 15 in Maces & Flails
   745 | D        | Noticed a lindwurm
   753 | D        | Received a gift from Trog
   762 | D        | Killed a lindwurm
   762 | D        | Reached skill level 10 in Shields
   937 | D        | Received a gift from Trog
   958 | D        | Reached ****** piety under Trog
   975 | D        | Received a gift from Trog
  1032 | D        | Noticed an orc knight
  1038 | D        | Noticed an orc knight
  1043 | D        | Killed an orc knight
  1057 | D        | Killed an orc knight
  1066 | D        | Reached XP level 11. HP: 31/117 MP: 10/10
  1070 | D        | Reached skill level 10 in Dodging
  1072 | D        | Received a gift from Trog
  1081 | D        | Reached skill level 16 in Maces & Flails
  1142 | D        | Found Totwaoff's Assorted Antiques.
  1142 | D        | Noticed an orc high priest
  1142 | D        | Noticed an orc high priest
  1142 | D        | Noticed an orc high priest
  1147 | D        | Noticed a sixfirhy
  1150 | D        | Killed an orc high priest
  1150 | D        | Reached skill level 10 in Fighting
  1154 | D        | Found Yluuvitall's Assorted Antiques.
  1154 | D        | Noticed an orc high priest
  1163 | D        | Killed an orc high priest
  1163 | D        | Received a gift from Trog
  1175 | D        | Found Xajeyjosy's Weapon Emporium.
  1179 | D        | Killed an orc high priest
  1188 | D        | Killed an orc high priest
  1191 | D        | Noticed an orc high priest
  1196 | D        | Noticed a sixfirhy
  1197 | D        | Noticed an orc high priest
  1198 | D        | Found Nyah's Assorted Antiques.
  1199 | D        | HP: 1/120 [ice devil[an orc high priest] (13)]
  1202 | D        | Mangled by an orc high priest

Skill      XL: |  1  2  3  4  5  6  7  8  9 10 11 |
---------------+----------------------------------+-----
Maces & Flails | 2 4 5 7 10 12 14 15 16 | 16.0
Fighting       | 3 4 5 6 7 8 9 11 | 11.1
Dodging        | 3 4 5 7 8 9 10 | 10.5
Shields        | 3 4 5 6 7 8 9 10 11 | 11.3
Stealth        | 1 2 |  2.8

Action                   |  1- 3 |  4- 6 |  7- 9 | 10-12 || total
-------------------------+-------+-------+-------+-------++-------
Melee: Flail             |    49 |       |       |    41 ||    90
       Morningstar       |     5 |    44 |    49 |    79 ||   177
       Eveningstar       |       |       |       |    91 ||    91
Invok: Berserk           |       |     1 |     1 |       ||     2
       Trog's Hand       |       |       |       |     3 ||     3
  Use: Potion            |       |     3 |     1 |    11 ||    15
       Scroll            |       |       |     8 |     3 ||    11
 Stab: Invisible         |       |       |       |     3 ||     3
  Eat: Ration            |       |       |     2 |     1 ||     3
Armor: Robe              |    19 |     9 |     5 |    29 ||    62
Dodge: Dodged            |    14 |    17 |    16 |    40 ||    87
Block: Shield            |    22 |    25 |    24 |    78 ||   149
